 Dungeon Crawl Stone Soup version 0.27-a0-1548-gf8a67e7463 (webtiles) character file.

Game seed: 9564354012863478532

51 elagabalus the Cudgeller (level 3, -3/29 HPs)
             Began as a Demonspawn Abyssal Knight on July 13, 2021.
             Was a Follower of Lugonu.
             Slain by an orc (5 damage)
             ... on level 3 of the Dungeon.
             The game lasted 00:11:19 (1396 turns).

elagabalus the Cudgeller (DsAK)                     Turns: 1396, Time: 00:11:19

Health: -3/29      AC:  5    Str: 13    XL:     3   Next: 57%
Magic:  4/4        EV: 11    Int: 13    God:    Lugonu [*.....]
Gold:   18         SH:  0    Dex: 12    Spells: 2/2 levels left

rFire    . . .     SeeInvis .   a - +1 mace
rCold    . . .     Faith    .   (no shield)
rNeg     . . .     Spirit   .   c - +0 ring mail
rPois    .         Reflect  .   (no helmet)
rElec    .         Harm     .   (no cloak)
rCorr    .         Rampage  .   (no gloves)
Will     .....                  (no boots)
Stlth    +.........             (no amulet)
HPRegen  0.09/turn              (no ring)
MPRegen  0.09/turn              (no ring)

@: no status effects
A: sturdy frame 1
a: Renounce Religion, Depart the Abyss


You were on level 3 of the Dungeon.
You worshipped Lugonu.
Lugonu was aware of your devotion.
You visited 1 branch of the dungeon, and saw 3 of its levels.
You visited the Abyss 1 time.

You collected 18 gold pieces.

Inventory:

Hand Weapons
 a - a +1 mace (weapon)
Missiles
 b - 45 stones
 d - 17 arrows
Armour
 c - a +0 ring mail (worn)
Magical Staves
 e - a staff of air
Potions
 g - a potion of magic {unknown}


   Skills:
 - Level 3.0 Fighting
 + Level 3.6 Maces & Flails
 - Level 1.7 Armour
 - Level 0.8 Dodging
 - Level 2.4 Invocations


You had 2 spell levels left.
You didn't know any spells.
Your spell library was empty.

Dungeon Overview and Level Annotations

Branches:
Dungeon (3/15)

Altars:

Annotations:
D:2 Jessica


Innate Abilities, Weirdness & Mutations

Your movements are slightly less encumbered by armour. (ER -2)


Message History

Found a stone staircase leading up.
You hit the frilled lizard.
The frilled lizard is heavily wounded.
The frilled lizard bites you but does no damage.
You closely miss the frilled lizard.
The frilled lizard is heavily wounded.
The frilled lizard barely misses you.
You hit the frilled lizard.
You kill the frilled lizard!
Lugonu accepts your kill.
An orc comes into view. It is wielding a +0 whip.
The orc shouts!
An orc comes into view. It is wielding a +0 club.
The orc shouts!
You hit the orc.
The orc is severely wounded.
You hear a shout!
The orc barely misses you. The orc hits you with a +0 whip.
* * * LOW HITPOINT WARNING * * *
An orc comes into view. It is wielding a +0 hand axe.
You hear a shout!
You hit the orc.
The orc is severely wounded.
The orc hits you with a +0 whip.
* * * LOW HITPOINT WARNING * * *
You hit the orc.
You kill the orc!
Lugonu accepts your kill.
You hit the orc.
The orc is severely wounded.
The orc barely misses you.
You completely miss the orc.
The orc is severely wounded.
The orc barely misses you.
You hit the orc.
You kill the orc!
Lugonu accepts your kill. The orc closely misses you.
You barely miss the orc. The orc hits you with a +0 hand axe.
You die...

.. ## #.## .#
########..##.#
##.....#.....<.#.
#...............# ###
................##....
.............o)...##
..............@[...#
...............##.....
...............# ###
...............#
#.......>.....##
##.....#.....##
#######.##### #.##
#..#


You could see an orc.

Vanquished Creatures
  2 worms
  3 dart slugs (D:1)
  2 orcs (D:3)
  3 bats
  4 endoplasms
  2 giant cockroaches (D:1)
  2 goblins (D:1)
  2 hobgoblins (D:1)
  A quokka (D:2)
  2 ball pythons
  3 frilled lizards
  5 kobolds
  5 rats
36 creatures vanquished.

Notes
Turn   | Place    | Note
-------+----------+-------------------------------------------
     0 | Abyss:1  | elagabalus the Demonspawn Abyssal Knight began the quest
                  | for the Orb.
     0 | Abyss:1  | Reached XP level 1. HP: 18/18 MP: 2/2
    45 | D:1      | Escaped the Abyss
   127 | D:1      | Reached * piety under Lugonu
   257 | D:1      | Found a faded altar of an unknown god.
   266 | D:1      | Gained mutation: Your movements are slightly less
                  | encumbered by armour. (ER -2) [demonic ancestry]
   266 | D:1      | Reached XP level 2. HP: 24/24 MP: 3/3
   714 | D:1      | Reached XP level 3. HP: 27/29 MP: 4/4
  1296 | D:2      | Noticed Jessica
  1391 | D:3      | HP: 1/29 [orc (5)]
  1396 | D:3      | Slain by an orc

Illustrated notes

Levels and vault maps discovered:
D:1:      dpeg_arrival_water_temple_mockup, layout_loops_ring,
          ebering_ecumenical_altar_rust
D:2:      layout_rooms, uniq_jessica
D:3:      layout_rooms, uniq_natasha, uniq_sigmund

Skill      XL: |  1  2 |
---------------+-------+-----
Maces & Flails | 2 3 |  3.6
Fighting       | |  3.0
Armour         | |  1.7
Dodging        | |  0.8
Invocations    | |  2.4

Action                   || total
-------------------------++-------
Melee: Mace              ||   110
Invok: Depart the Abyss  ||     1
  Use: Scroll            ||     1
Armor: Ring mail         ||    35
Dodge: Dodged            ||    58

Table legend: (Time is in decaauts)
 A = Elapsed time spent in this place.
 B = Non-inter-level travel time spent in this place.
 C = Inter-level travel time spent in this place.
 D = Time resting spent in this place.
 E = Time spent auto-exploring this place.
 F = Levels seen in this place.
 G = Mean time per level.
                   A        B        C        D        E       F      G
               +--------+--------+--------+--------+--------+-----+--------+
         Total |   1422 |    403 |   1019 |      0 |      0 |   4 |  355.5 |
       Dungeon |   1377 |    358 |   1019 |      0 |      0 |   3 |  459.0 |
         Abyss |     45 |     45 |      0 |      0 |      0 |   1 |   45.0 |
               +--------+--------+--------+--------+--------+-----+--------+

Top non-repeatable levels by time:
     D:1: 1115 daAuts
     D:2: 179 daAuts
     D:3: 82 daAuts
 Abyss:1: 45 daAuts
